 Seeded DCSS version 0.29-a0-876-gfc89b1a5bd (webtiles) character file.

Game seed: 3903587716063977423 (custom seed)

9 Kazon the Ducker (level 2, -1/14 HPs)
             Began as a Felid Berserker on July 19, 2022.
             Was a Follower of Trog.
             Slain by a quokka (3 damage)
             ... on level 1 of the Dungeon.
             The game lasted 00:01:20 (393 turns).

Kazon the Ducker (Felid Berserker)                   Turns: 393, Time: 00:01:21

Health: -1/14      AC:  1    Str: 13    XL:     2   Next: 3%
Magic:  3/3        EV: 18    Int:  8    God:    Trog [*.....]
Gold:   0          SH:  0    Dex: 15    Spells: 1/1 levels left
                                        Lives:  0   Deaths: 0

rFire   . . .      SeeInvis +     - Unarmed
rCold   . . .      Faith    .   (shield unavailable)
rNeg    . . .      Spirit   .   (body armour unavailable)
rPois   .          Reflect  .   (helmet unavailable)
rElec   .          Harm     .   (cloak unavailable)
rCorr   .          Rampage  .   (gloves unavailable)
Will    .....                   (boots unavailable)
Stlth   ++........              (no amulet)
HPRegen 0.04/turn               (no ring)
MPRegen 0.08/turn               (no ring)

@: quick
A: very small, claws 1, fangs 3, see invisible, speed 1, shaggy fur 1, stealthy
paws, no weapons or thrown items, no armour, multi-lived
a: Renounce Religion, Berserk


You were on level 1 of the Dungeon.
You worshipped Trog.
Trog was aware of your devotion.
You visited 1 branch of the dungeon, and saw 1 of its levels.

Inventory:

Scrolls
 b - a scroll of amnesia {unknown}
 c - 3 scrolls of vulnerability {unknown}
Potions
 a - a potion of curing {unknown}


   Skills:
 * Level 3.1 Fighting
 * Level 4.2 Dodging
 * Level 0.4 Stealth
 * Level 3.2 Unarmed Combat


You had one spell level left.
You didn't know any spells.
Your spell library was empty.

Dungeon Overview and Level Annotations

Branches:
Dungeon (1/15)

Altars:


Innate Abilities, Weirdness & Mutations

You have sharp claws.
You have razor-sharp teeth.
You have supernaturally acute eyesight. (SInv)
You cover ground quickly. (Speed+)
You are covered in fur. (AC +1)
Your paws help you pounce on unaware monsters.
You are incapable of wielding weapons or throwing items.
You cannot wear armour.
You gain extra lives every three experience levels.


Message History

Found a robe.
The kobold shouts!
You hear a bark! x2
The bat hits you but does no damage.
You miss the bat. The bat barely misses you. The bat completely misses you.
You scratch the bat.
You kill the bat!
Trog accepts your kill.
A jackal comes into view.
The kobold throws a stone.
The stone completely misses you.
The kobold throws a stone.
The stone completely misses you.
The kobold throws a stone.
The stone misses you.
The kobold throws a stone.
The stone barely misses you.
The kobold throws a stone.
The stone hits you.
You scratch the kobold but do no damage.
The kobold completely misses you.
You scratch the kobold.
You kill the kobold!
Trog accepts your kill.
Things that are here:
a +0 dagger; 3 stones A quokka and a goblin come into view.
Found a dagger.
The goblin shouts!
The goblin barely misses you.
You scratch the goblin.
You kill the goblin!
Trog accepts your kill.
You have reached level 2!
You scratch the quokka but do no damage.
The quokka bites you.
* * * LOW HITPOINT WARNING * * *
You barely miss the quokka. Your bite misses the quokka. The quokka misses you.
You scratch the quokka.
The quokka is moderately wounded.
The quokka misses you.
You scratch the quokka but do no damage.
The quokka is moderately wounded.
The quokka bites you.
You die...

# #####.###.
##.........
#....[..h..
####..###.####
#.....#
#.##)## #.##.#
#@##.# #r##.#
#.##.# #.##.#
#.##.# #.##.#
#.##.#
#)##.### #...#
######


You could see a quokka.

Vanquished Creatures
  A goblin (D:1)
  A hobgoblin (D:1)
  4 kobolds (D:1)
  2 bats (D:1)
  A rat (D:1)
9 creatures vanquished.

Notes
Turn   | Place    | Note
-------+----------+-------------------------------------------
     0 | D:1      | Kazon the Felid Berserker began the quest for the Orb.
     0 | D:1      | Reached XP level 1. HP: 10/10 MP: 2/2
   390 | D:1      | Reached XP level 2. HP: 6/14 MP: 3/3
   393 | D:1      | Slain by a quokka

Illustrated notes

Levels and vault maps discovered:
D:1:      shiori_arrival_oz, layout_loops_ring, chequers_ecumenical_altar_grove

Action                   || total
-------------------------++-------
Melee: Unarmed           ||    30
       Bite              ||     2
Invok: Berserk           ||     1
 Stab: Sleeping          ||     1
Armor: Skin              ||     1
Dodge: Dodged            ||    23

Table legend: (Time is in decaauts)
 A = Elapsed time spent in this place.
 B = Non-inter-level travel time spent in this place.
 C = Inter-level travel time spent in this place.
 D = Time resting spent in this place.
 E = Time spent auto-exploring this place.
 F = Levels seen in this place.
 G = Mean time per level.
                   A        B        C        D        E       F      G
               +--------+--------+--------+--------+--------+-----+--------+
         Total |    383 |    383 |      0 |    268 |      0 |   1 |  383.0 |
       Dungeon |    383 |    383 |      0 |    268 |      0 |   1 |  383.0 |
               +--------+--------+--------+--------+--------+-----+--------+

Top non-repeatable levels by time:
     D:1: 383 daAuts
